Cogmind - Beta 12 @@@ ROGUE MODE // 2023.04.24 @ 12:08:12 Player: arcadio rl Result: Destroyed by Y-45 Defender with Heavy Assault Rifle Performance ------------- Evolutions (2) 1000 Regions Visited (5) 1000 Robots Destroyed (47) 235 Value Destroyed (1043) 1043 Prototype IDs (7) 140 Alien Tech Used (0) 0 Bonus (13) 13 TOTAL SCORE: 3431 Bonus ------- High Alert Combat Kills 13 Cogmind --------- Core Integrity 0/550 Matter 161/300 Energy 100/100 System Corruption 3% Temperature Cool (9) Movement Core (700) Ox13 Location -8/Materials Parts ------- > --- POWER (1) -------- (None) > --- PROPULSION (4) --- (None) > --- UTILITY (4) ------ High-capacity Storage Unit > --- WEAPON (2) ------- (None) > --- INVENTORY (20) --- Ion Engine Light Nuclear Core Aluminum Leg Aluminum Leg Heat Sink High-capacity Storage Unit Humpback Signal Interpreter Seismic Detector Hardened Light Armor Plating Hardened Light Armor Plating Hardened Light Armor Plating Field Recycling Unit (0) Enhanced Autogun Enhanced Autogun Shock Bomb Launcher Rocket Launcher Rocket Launcher Mining Laser Peak State ------------ > --- POWER ------------ Light Deuterium Engine > --- PROPULSION ------- Light Treads Light Treads Light Treads > --- UTILITY ---------- High-capacity Storage Unit Hardened Light Armor Plating Hardened Light Armor Plating Hardened Light Armor Plating > --- WEAPON ----------- Autogun High-powered Shotgun > --- INVENTORY -------- Ion Engine Ion Engine Light Nuclear Core Aluminum Leg Aluminum Leg Heat Sink High-capacity Storage Unit Humpback Signal Interpreter Seismic Detector Core Shielding Hardened Light Armor Plating Hardened Light Armor Plating Hardened Light Armor Plating Field Recycling Unit Shock Bomb Launcher Rocket Launcher Rocket Launcher Mining Laser [Rating: 21] Favorites ----------- Power Ion Engine Engine Ion Engine Propulsion Light Treads Treads Light Treads Leg Aluminum Leg Wheel Wheel Utility High-capacity Storage Unit Device Structural Scanner Storage High-capacity Storage Unit Protection Hardened Light Armor Plating Weapon Assault Rifle Ballistic Gun Assault Rifle Launcher Rocket Launcher Build | -11 -10 -10 -10 -9 -8 ------- Run | Jun Mat Min Exi Min Mat Slots Evolved 4 | . . . . . 4 Power . | . . . . . . Propulsion 2 | . . . . . 2 Utility 2 | . . . . . 2 Weapon . | . . . . . . Parts Attached 43 | 7 12 1 . 8 15 Power 4 | 1 . 1 . 1 1 Engine 4 | 1 . 1 . 1 1 Core . | . . . . . . Reactor . | . . . . . . Propulsion 15 | 2 6 . . 2 5 Treads 11 | . 4 . . 2 5 Leg 2 | 2 . . . . . Wheel 2 | . 2 . . . . Hover . | . . . . . . Flight . | . . . . . . Utility 11 | 1 4 . . 1 5 Device 3 | . 2 . . . 1 Storage 3 | 1 2 . . . . Processor . | . . . . . . Hackware . | . . . . . . Protection 5 | . . . . 1 4 Artifact . | . . . . . . Weapon 13 | 3 2 . . 4 4 Energy Gun . | . . . . . . Energy Cannon . | . . . . . . Ballistic Gun 11 | 3 2 . . 3 3 Ballistic Cannon . | . . . . . . Launcher 2 | . . . . 1 1 Special Weapon . | . . . . . . Impact Weapon . | . . . . . . Slashing Weapon . | . . . . . . Piercing Weapon . | . . . . . . Special Melee Weapon . | . . . . . . Unidentified Prototypes . | . . . . . . Parts Lost 18 | . 2 . . 4 12 Power 1 | . . . . . 1 Propulsion 6 | . 1 . . 1 4 Utility 3 | . . . . . 3 Weapon 8 | . 1 . . 3 4 Highest Loss Streak 9 | . 2 . . 2 9 To Critical Strikes . | . . . . . . Average Slot Usage (%) 92 | . 97 100 100 83 84 Engine 12 | . 14 14 14 14 8 Treads 25 | . 23 28 28 25 26 Wheel 1 | . 4 . . . . Device 7 | . 11 14 14 . 2 Storage 12 | . 14 14 14 14 9 Protection 8 | . . . . 14 23 Ballistic Gun 20 | . 28 28 28 12 9 Launcher 1 | . . . . 2 5 Naked Turns . | . . . . . . Heaviest Build 67 | 14 49 49 49 54 67 Greatest Support 80 | 20 40 40 40 40 80 Greatest Overweight (x) 2 | . 1 1 1 2 1 Average Overweight (x) . | . . 1 1 1 . Largest Inventory Capacity 20 | 8 20 20 20 20 20 Average Capacity 19 | 6 18 20 20 20 20 Most Carried 20 | 6 20 20 20 20 20 Average Carried 17 | 3 14 20 19 19 17 Final Capacity 20 | 8 20 20 20 20 20 Final Carried 20 | 6 20 20 20 19 20 Class Distribution -------------------- 98% | Mutant Dominant Class ---------------- Mutant | -10/Materials Mutant | -10/Mines Mutant | -10/Exiles Mutant | -9/Mines Mutant | -8/Materials Resources | -11 -10 -10 -10 -9 -8 ----------- Run | Jun Mat Min Exi Min Mat Matter Collected 855 | 240 316 82 . 131 86 Remotely . | . . . . . . Salvage Created 1064 | . 414 123 . 193 334 Parts 91 | . 37 10 . 11 33 Haulers Intercepted 2 | . 2 . . . . Recyclers Shooed . | . . . . . . Parts Field Recycled . | . . . . . . Retrieved Matter . | . . . . . . Parts Self-Destructed . | . . . . . . Prevented . | . . . . . . Kills | -11 -10 -10 -10 -9 -8 ------- Run | Jun Mat Min Exi Min Mat Combat Hostiles Destroyed 35 | . 10 5 . 8 12 Guns 21 | . 10 5 . 6 . AOE 14 | . . . . 2 12 Classes Destroyed 10 | . 6 . . 1 3 Builder 7 | . . . . . 7 Tunneler 1 | . 1 . . . . Hauler 2 | . 2 . . . . Operator 3 | . 2 . . . 1 Watcher 1 | . 1 . . . . Swarmer 15 | . 6 3 . 3 3 Grunt 16 | . 4 2 . 3 7 Brawler 1 | . . . . . 1 Hunter 1 | . . . . . 1 Assembled 2 | . . . . 2 . Best Kill Streak 9 | . 4 3 . 3 9 Combat Bots Only 5 | . 3 3 . 3 5 Max Kills in Single Turn 4 | . 2 2 . 2 4 Gunslinging 1 | . 1 1 . . . Exploded 3 | . . . . 2 3 Melee . | . . . . . . Uniques/NPCs Destroyed . | . . . . . . Combat | -11 -10 -10 -10 -9 -8 -------- Run | Jun Mat Min Exi Min Mat Damage Taken 3623 | . 364 325 . 609 2325 Core 679 | . 54 26 . 36 563 Absorbed by Shields . | . . . . . . Regen/Repaired (Parts) 284 | . 48 . . . 236 Core Remaining (%) 76 | 100 . . . 53 . Volleys Fired 91 | . 35 18 . 16 22 Largest 2 | . 2 2 . 2 2 Hottest 53 | . 40 40 . 40 53 Shots Fired 167 | . 70 36 . 31 30 Gun 144 | . 70 36 . 30 8 Cannon . | . . . . . . Launcher 23 | . . . . 1 22 Special . | . . . . . . Kinetic 144 | . 70 36 . 30 8 Thermal . | . . . . . . Explosive 23 | . . . . 1 22 Electromagnetic . | . . . . . . Robot Hit Streak 11 | . 9 11 . 11 4 Robot Miss Streak 3 | . 3 2 . 1 3 Penetration Max . | . . . . . . Secondary Targets 5 | . 3 1 . 1 . Max Gunslinging Chain 1 | . 1 1 . 1 . Shots Hit Robots 107 | . 46 27 . 23 11 Core Hits 82 | . 21 9 . 14 38 Critical Kills 2 | . 1 . . 1 . Critical Parts Destroyed 1 | . . . . 1 . Critical Strikes 3 | . 1 . . 2 . Destroy 3 | . 1 . . 2 . Melee Attacks . | . . . . . . Impact . | . . . . . . Slashing . | . . . . . . Piercing . | . . . . . . Sneak Attacks . | . . . . . . Combat Hostiles . | . . . . . . Follow-up Attacks . | . . . . . . Damage Inflicted 2876 | . 544 296 . 329 1707 Guns 1077 | . 536 296 . 229 16 Cannons . | . . . . . . Explosions 1712 | . . . . 96 1616 Melee . | . . . . . . Ramming 87 | . 8 . . 4 75 Kinetic 1077 | . 536 296 . 229 16 Thermal . | . . . . . . Explosive 1712 | . . . . 96 1616 Electromagnetic . | . . . . . . Impact . | . . . . . . Slashing . | . . . . . . Piercing . | . . . . . . Highest Corruption 3 | . . . . . 3 Average Corruption 1 | . . . . . 1 Corruption Purged . | . . . . . . Corruption Blocked . | . . . . . . Effects 2 | . . . . . 2 Matter Fused 1 | . . . . . 1 Heat Flow Errors 1 | . . . . . 1 Overload Shots . | . . . . . . Overflow Damage 6 | . . . . . 6 Projectiles . | . . . . . . Explosions 6 | . . . . . 6 Melee . | . . . . . . Knockbacks . | . . . . . . Impact . | . . . . . . Kinetic . | . . . . . . Secondary . | . . . . . . Self-Inflicted Damage 89 | . . . . 18 71 Shots 3 | . . . . 1 2 Rammed 31 | . . . . 1 30 Targets Rammed 32 | . 1 . . 1 30 Kicked . | . . . . . . Crushed 1 | . 1 . . . . Highest Temperature 279 | . 6 12 . 50 279 Average Temperature 65 | . 4 7 . 22 98 Received Heat Transfer 1122 | . 123 159 . 57 783 Siege Activations . | . . . . . . Robots Corrupted . | . . . . . . Combat Hostiles . | . . . . . . Parts Fried . | . . . . . . Impact Corruptions . | . . . . . . Robots Melted . | . . . . . . Combat Hostiles . | . . . . . . Parts Melted . | . . . . . . Heat Transferred . | . . . . . . Parts Sabotaged . | . . . . . . Parts Stolen . | . . . . . . Parts Stripped . | . . . . . . Power Chain Reactions . | . . . . . . Missiles Intercepted . | . . . . . . Alert | -11 -10 -10 -10 -9 -8 ------- Run | Jun Mat Min Exi Min Mat Peak Influence 437 | . 331 121 . 140 437 Initial 4 | . . 1 . . 4 Average 88 | . 88 49 . 36 171 Maximum Alert Level 2 | . 1 . . . 2 Low Security (%) 84 | 100 88 100 . 100 52 Level 1 13 | . 11 . . . 39 Level 2 1 | . . . . . 7 Level 3 . | . . . . . . Level 4 . | . . . . . . Level 5 . | . . . . . . High Security . | . . . . . . Max Security . | . . . . . . Squads Dispatched 3 | . . . . . 3 Investigation 1 | . . . . . 1 Extermination . | . . . . . . Reinforcement 2 | . . . . . 2 Assault . | . . . . . . Garrison . | . . . . . . Intercept . | . . . . . . Searches Triggered . | . . . . . . Construction Impeded 1 | . . . . . 1 Haulers Reinforced . | . . . . . . Active Scanning Responses . | . . . . . . Cargo Convoy Interrupts . | . . . . . . Stealth | -11 -10 -10 -10 -9 -8 --------- Run | Jun Mat Min Exi Min Mat Distress Signals 4 | . 1 . . 2 1 Communications Jammed . | . . . . . . Distress Signals . | . . . . . . Times Spotted 68 | . 22 5 . 22 19 Peak Tracking Total 6 | . 4 3 . 5 6 Tactical Retreats 2 | . 2 . . . . Traps | -11 -10 -10 -10 -9 -8 ------- Run | Jun Mat Min Exi Min Mat Traps Triggered 2 | . 1 . . . 1 Indirectly . | . . . . . . Trap Hack Attempts . | . . . . . . Triggered . | . . . . . . Disarmed . | . . . . . . Reprogrammed . | . . . . . . Reused . | . . . . . . Traps Extracted . | . . . . . . Installed . | . . . . . . Triggered . | . . . . . . Machines | -11 -10 -10 -10 -9 -8 ---------- Run | Jun Mat Min Exi Min Mat Machines Disabled 1 | . . . . . 1 Max in Single Turn 1 | . . . . . 1 Machines Repaired . | . . . . . . Machines Sabotaged . | . . . . . . Overloaded Fab Kills . | . . . . . . Hacking | -11 -10 -10 -10 -9 -8 --------- Run | Jun Mat Min Exi Min Mat Machines Accessed 14 | . 9 . 1 . 4 Terminals 10 | . 7 . . . 3 Fabricators . | . . . . . . Repair Stations 2 | . 1 . . . 1 Recycling Units 1 | . 1 . . . . Scanalyzers . | . . . . . . Garrison Access . | . . . . . . Total Hacks 47 | . 27 . 5 . 15 Successful 30 | . 16 . 5 . 9 Failed 17 | . 11 . . . 6 Catastrophic 2 | . 1 . . . 1 Database Lockouts . | . . . . . . Manual 20 | . 15 . . . 5 Terminals 33 | . 24 . . . 9 Fabricators . | . . . . . . Repair Stations 8 | . 2 . . . 6 Recycling Units 1 | . 1 . . . . Scanalyzers . | . . . . . . Garrison Access . | . . . . . . Terminal Hacks 19 | . 10 . 5 . 4 Record 5 | . . . 5 . . Robot Analysis 3 | . 3 . . . . Prototype ID Bank 4 | . 3 . . . 1 Terminal Index 2 | . 1 . . . 1 Alert Level 1 | . . . . . 1 Locate Traps 1 | . 1 . . . . Surveillance Status 1 | . 1 . . . . Patrol Status 1 | . 1 . . . . Recall Reinforcements 1 | . . . . . 1 Fabricator Hacks . | . . . . . . Repair Station Hacks 6 | . 2 . . . 4 Scan Component 3 | . 1 . . . 2 Repair 3 | . 1 . . . 2 Recycling Unit Hacks 1 | . 1 . . . . Report Inventory 1 | . 1 . . . . Scanalyzer . | . . . . . . Garrison Access Hacks . | . . . . . . Unauthorized Hacks 4 | . 3 . . . 1 Terminals 4 | . 3 . . . 1 Botnet 3 | . 2 . . . 1 Operators 1 | . 1 . . . . Fabricators . | . . . . . . Repair Stations . | . . . . . . Recycling Units . | . . . . . . Scanalyzers . | . . . . . . Garrison Access . | . . . . . . Data Cores Recovered 2 | . 2 . . . . Used 1 | . 1 . . . . Hacking Detections 12 | . 8 . . . 4 Full Trace Events 2 | . 1 . . . 1 Feedback Events . | . . . . . . Feedback Blocked . | . . . . . . Robot Schematics Acquired . | . . . . . . Robots Built . | . . . . . . Authchips . | . . . . . . Time . | . . . . . . Total Robot Build Rating . | . . . . . . Part Schematics Acquired . | . . . . . . Parts Built . | . . . . . . Authchips . | . . . . . . Time . | . . . . . . Total Part Build Rating . | . . . . . . Parts Repaired 3 | . 1 . . . 2 Time 78 | . 26 . . . 52 Parts Recycled . | . . . . . . Recycled Matter . | . . . . . . Retrieved Matter . | . . . . . . Retrieved Components . | . . . . . . Parts Scanalyzed . | . . . . . . Part Schematics Acquired . | . . . . . . Parts Damaged . | . . . . . . Bothacking | -11 -10 -10 -10 -9 -8 ------------ Run | Jun Mat Min Exi Min Mat Used RIF Installer . | . . . . . . Robots Hacked . | . . . . . . Non-combat . | . . . . . . Combat . | . . . . . . Robot Hacks Applied . | . . . . . . Relay Couplers Released . | . . . . . . Fabnet Peak Effective % . | . . . . . . Robots Rewired . | . . . . . . Allies Hacked . | . . . . . . Hacks Repelled . | . . . . . . Allies | -11 -10 -10 -10 -9 -8 -------- Run | Jun Mat Min Exi Min Mat Total Allies . | . . . . . . Largest Group . | . . . . . . Highest-Rated Group . | . . . . . . Highest-Rated Ally . | . . . . . . Total Orders . | . . . . . . Ally Attacks . | . . . . . . Total Damage . | . . . . . . Kills . | . . . . . . Allies Corrupted . | . . . . . . Allies Melted . | . . . . . . Intel | -11 -10 -10 -10 -9 -8 ------- Run | Jun Mat Min Exi Min Mat Robot Analysis Total 3 | . 3 . . . . Derelict Logs Recovered 3 | . . 1 . 2 . Drone Launches . | . . . . . . Drone Recoveries . | . . . . . . Exploration | -11 -10 -10 -10 -9 -8 ------------- Run | Jun Mat Min Exi Min Mat Turns Passed 5511 | 97 1462 778 809 1191 1174 Spaces Moved 2187 | 72 629 299 337 448 402 Core 7 | 7 . . . . . Treads 1950 | . 464 299 337 448 402 Legs 80 | 65 15 . . . . Wheels 150 | . 150 . . . . Hover . | . . . . . . Flight . | . . . . . . Fastest Speed 50 | 50 95 240 240 240 160 Average Speed 221 | 113 196 240 240 250 219 Slowest Speed 320 | 120 240 240 240 320 240 Overloaded Moves . | . . . . . . Propulsion Burnouts . | . . . . . . Robots Hopped . | . . . . . . Cave-ins Triggered . | . . . . . . Exploration Rate (%) 54 | 4 84 45 78 78 39 Regions Visited 5 Branch Regions 3 Pre-discovered Areas 2 | . . 1 1 . . Known Exits Taken . | . . . . . . Unknown Exits Taken 5 | 1 1 1 1 1 . Scrap Searched 1 | . . . . 1 . Spaces Dug 6 | . . . . . 6 Terrain Destroyed 115 | . . . . 12 103 Melee . | . . . . . . Projectile . | . . . . . . AOE 115 | . . . . 12 103 Terrain Rammed . | . . . . . . Walls Destroyed . | . . . . . . Machines Disabled . | . . . . . . Actions | -11 -10 -10 -10 -9 -8 --------- Run | Jun Mat Min Exi Min Mat Total 2588 | 84 787 328 339 489 561 Wait 193 | . 94 10 . 13 76 Move 2182 | 71 628 298 336 447 402 Hop . | . . . . . . Pick Up 31 | 6 13 . 1 2 9 Fast Attach 13 | 5 3 . . . 5 Attach 11 | 1 2 . . 2 6 Detach 3 | . 2 . . . 1 Swap 19 | 1 7 1 . 6 4 Drop 13 | . 2 1 2 2 6 Fire 91 | . 35 18 . 16 22 Melee . | . . . . . . Ram 10 | . . . . . 10 Kick . | . . . . . . Crush 22 | . 1 . . 1 20 Escape Stasis . | . . . . . . Rewire . | . . . . . . Trap . | . . . . . . Miscellaneous . | . . . . . . Route ------- -11/Junkyard -10/Materials (discovered 3 exits: [*Mat x2] / [*Min]) -10/Mines (discovered 2 exits: [*Mat] / *Exi) -10/Exiles -9/Mines -8/Materials History --------- Turn | Location | Event 45 | -11/Junkyard | Discovered new exit (range 15) 98 | -11/Junkyard | Entered Materials 312 | -10/Materials | Build established: Mutant 448 | -10/Materials | Discovered new exit (range 7) 923 | -10/Materials | Discovered new exit (range 7) 1294 | -10/Materials | Repaired Lgt. Treads 1384 | -10/Materials | Discovered new exit (range 9) 1560 | -10/Materials | Entered Mines 1676 | -10/Mines | Discovered new exit (range 8) 1880 | -10/Mines | Learned location of Mines (-9) 1913 | -10/Mines | Deemed a non-threat by the Exiles lab entrance 1913 | -10/Mines | Discovered new exit (range 6) 2338 | -10/Mines | Entered Exiles 2396 | -10/Exiles | Met 8R-AWN 2437 | -10/Exiles | Met EX-HEX 2533 | -10/Exiles | Met EX-DEC 2547 | -10/Exiles | Learned location of Zion (-6) 2671 | -10/Exiles | Visited The Gauntlet 2948 | -10/Exiles | Met EX-BIN 3118 | -10/Exiles | Discovered new exit (range 12) 3147 | -10/Exiles | Entered Mines 3605 | -9/Mines | Assembled infested the area 3610 | -9/Mines | Assisted by a Guerilla fighting off Assembled 3807 | -9/Mines | Learned Materials security intel 4212 | -9/Mines | Learned 2 Materials zone layouts 4279 | -9/Mines | Discovered new exit (range 8) 4285 | -9/Mines | Received a Rocket Launcher from a helpful Derelict 4338 | -9/Mines | Entered Materials 4338 | -8/Materials | Evolved 4 slots: Propulsion x2, Utility x2 4425 | -8/Materials | Repaired Lgt. Treads 4452 | -8/Materials | Repaired Lgt. Treads 5474 | -8/Materials | Core integrity fell below 50% 5488 | -8/Materials | Core integrity fell below 20% 5512 | -8/Materials | Destroyed by Y-45 Defender with Heavy Assault Rifle Last Messages --------------- 05415_ Lgt. Treads destroyed. 05417_ Slammed into Y-45 Defender. 05420_ Lgt. Treads destroyed. 05422_ Slammed into Y-45 Defender. 05433_ Lgt. Treads destroyed. 05434_ Slammed into Y-45 Defender. 05451_ Hrd. Light Armor Plating destroyed. 05455_ Slammed into Y-45 Defender. 05457_ Hrd. Light Armor Plating destroyed. 05463_ Critical hit (Burn: +37). 05464_ Slammed into Y-45 Defender. 05467_ Hrd. Light Armor Plating destroyed. 05470_ Autogun destroyed. 05473_ Slammed into Y-45 Defender. 05485_ Hpw. Shotgun destroyed. 05488_ Slammed into Y-45 Defender. 05492_ Y-45 Defender destroyed. 05495_ Slammed into Y-45 Defender. 05495_ Destabilizing: System corrupted (+2). 05502_ Slammed into Y-45 Defender. Map ----- +----------------------------------------------------+ | | | | | | | | | | | | | | | | | | | | | | | | | | | | | | | | | | | | | | | | | ?????????????############????? | | ?????????????# ????? | | ????????###??# """ """ ????? | | ######### #??# """ """ "????? | | # !Y #### """ """ T????? | | # """@""" # # "????? | | # """ """ # # ????? | | # """ """ + ####+############ | | # # + ] | | # ""T"" # ## | | #] """"" ##### ## | | # #???# ## | | ###########???# ## ?? | | ??????????##### ## ???? | | ??????????#== ## ????? | | ??????????#== ##+######## | | ??????????#!! | | ??????????#!! | | ??????????#!! """" """" | | ??????????#!! ## """" """" | | ??????????###### """" """" | | ???????????????# | | ???????????????# | | ?????????####### | | ?????????# # | | ???????????????# * | | ???????????????+ | | ???????????????# ############ | | ???????????????# ???????????? | | ??????????????? ???????????? | +----------------------------------------------------+ Best States ------------- Heat Dissipation 35 Energy Generation 14 Energy Capacity 250 Matter Stores 300 Matter Capacity 300 Sight Range 16 Terrain Scan Density 10 Armor Coverage 450 Evasion (%) 55 Recoil Reduction 4 Item Schematics ----------------- None Robot Schematics ------------------ None Fabricated ------------ Nothing Alien Tech Used ----------------- None Achievements -------------- None Challenges ------------ None Game ------ Seed FusionAssemblyHumpback Manual? 0 Play Time 00:34:13 Cumulative 87.6 hours Start 2023.04.24 @ 11:37:31 End 2023.04.24 @ 12:08:12 Sessions 1 Manual Loads 0 Difficulty Rogue Special Mode None Game No. 68 Rogue 68 Adventurer 0 Explorer 0 Win Type - Total 0 Types 0/0/0/0/0/0/0/0/0 Lore% 48 Gallery% 46 Achievement% 37 Wizard Run 0 Options --------- ASCII 0 Keyboard 1 Movement Numpad Keybinds 0 Fullscreen 1 Font 18/Terminus Map View 76x50 Tactical HUD 1 Map Filters NONE Filters NONE Steam 1 RUN: c1b0924b-e45e-4bba-bcfc-68619a18669e